 Dungeon Crawl Stone Soup version 0.30.0-21-gd299b56b3f (webtiles) character file.

Game seed: 12326001139160432535

238846 qw the Peltast (level 19, -25/125 HPs)
             Began as a Gargoyle Fighter on June 2, 2023.
             Was an Elder of Okawaru.
             Killed from afar by an ancient lich (45 damage)
             ... with a crystal spear
             ... on level 2 of the Vaults.
             The game lasted 00:26:42 (41404 turns).

qw the Peltast (Gargoyle Fighter)                  Turns: 41404, Time: 00:26:43

Health: -25/125    AC: 66    Str: 33    XL:     19   Next: 73%
Magic:  35/36      EV: 10    Int:  9    God:    Okawaru [****..]
Gold:   1200       SH: 22    Dex:  9    Spells: 18/18 levels left

rFire   . . .        s - +2 war axe of Causality {protect, rC+ rCorr MP+9 Dex+4}
rCold   + . .        C - +0 tower shield
rNeg    + + .        F - +1 crystal plate armour
rPois   inf          a - +3 helmet of Pavam {Str+2}
rElec   +            H - scarf of Gicvy {repulsion, rN+}
rCorr   +            g - +2 pair of gloves
SInv    .            x - +2 pair of boots
Will    +....        f - amulet of faith Stlth
                     y - ring of Cutoxafa {Fly Str+3 Dex-4 Slay+4}
HPRegen 0.40/turn    b - +4 ring of protection
MPRegen 0.25/turn

%: repel missiles, faith
@: about to teleport, heroic, under a protective aura, flying, slowed, very slow
A: sickness immunity, AC +14, big wings, negative energy resistance 1,
electricity resistance, torment resistance 1, petrification resistance
}: 1/15 runes: gossamer
a: Renounce Religion, Heroism, Finesse


You were on level 2 of the Vaults.
You worshipped Okawaru.
Okawaru was greatly pleased with you.
You visited 7 branches of the dungeon, and saw 32 of its levels.
You visited the Abyss 1 time.
You also visited: Ossuary.

You collected 3145 gold pieces.
You spent 1945 gold pieces at shops.


Innate Abilities, Weirdness & Mutations

You are immune to sickness and miasma.
Your stone body is resilient. (AC +14)
You are immune to poison.
Your large and strong wings let you fly.
You resist negative energy. (rN+)
You are resistant to electric shocks. (rElec)
You are resistant to unholy torment.
You are immune to petrification.


   Skills:
 - Level 16.1(21.1) Fighting
 - Level 16.0(21.0) Axes
 - Level 9.0(14.0) Throwing
 + Level 15.9(20.9) Armour
 - Level 6.0(11.0) Dodging
 - Level 19.0(24.0) Shields
 - Level 11.4 Invocations


You had 18 spell levels left.
You didn't know any spells.
Your spell library was empty.

Inventory:

Hand Weapons
 s - the +2 war axe of Causality (weapon) {protect, rC+ rCorr MP+9 Dex+4}
   (Okawaru gifted it to you on level 5 of the Lair of Beasts)

   Dex:       It affects your dexterity (+4).
   rC:        It protects you from cold.
   MP:        It affects your magic capacity (+9).
   rCorr:     It protects you from acid and corrosion.
Missiles
 p - 14 boomerangs (quivered)
 G - 2 silver boomerangs
Armour
 a - the +3 helmet of Pavam (worn) {Str+2}
   (You found it on level 2 of the Dungeon)

   Str:       It affects your strength (+2).
 g - a +2 pair of gloves (worn)
 h - the +2 pair of boots of Liytoud {+Blink rPois Will- rCorr}
   (You found it on level 4 of the Spider Nest)

   rPois:     It protects you from poison.
   +Blink:    It lets you blink.
   rCorr:     It protects you from acid and corrosion.
   Will:      It decreases your willpower.
 j - +0 ice dragon scales
 l - a +2 cloak of stealth
 x - a +2 pair of boots (worn)
 C - a +0 tower shield (worn)
 D - the +7 chain mail "Kiaser" {+Inv rCorr Str-3}
   (Okawaru gifted it to you on level 15 of the Dungeon)

   Str:       It affects your strength (-3).
   +Inv:      It lets you turn invisible.
   rCorr:     It protects you from acid and corrosion.
 F - a +1 crystal plate armour (worn)
 H - the scarf of Gicvy (worn) {repulsion, rN+}
   (You found it on level 4 of the Spider Nest)

   rN:        It protects you from negative energy.
Jewellery
 b - a +4 ring of protection (right hand)
 c - a ring of protection from fire
 f - an amulet of faith (around neck)
 v - a ring of protection from fire
 y - the ring of Cutoxafa (left hand) {Fly Str+3 Dex-4 Slay+4}
   (You found it on level 3 of the Spider Nest)

   [ring of flight]

   Str:       It affects your strength (+3).
   Dex:       It affects your dexterity (-4).
   Slay:      It affects your accuracy & damage with ranged weapons and melee
   (+4).
   Fly:       It grants you flight.
 E - a ring of protection from cold
Wands
 t - a wand of digging (12)
Scrolls
 n - 19 scrolls of identify
 B - 3 scrolls of enchant weapon
Potions
 d - 5 potions of might
 e - 16 potions of curing
 m - 3 potions of haste
 o - 10 potions of mutation
 q - 9 potions of attraction
 r - 3 potions of cancellation
 u - 2 potions of resistance
 w - a potion of lignification
 z - 5 potions of magic

Dungeon Overview and Level Annotations

Branches:
Dungeon (15/15)            Temple (1/1) D:6            Lair (5/5) D:11
  Swamp (3/4) Lair:2       Spider (4/4) Lair:2        Slime (0/5) Lair:4
    Orc (2/2) D:9             Elf (0/3) Orc:2        Vaults (2/5) D:14
 Depths (0/4) D:15        Ossuary (visited)
  Crypt: Vaults:2-3

Altars:
Ashenzari
Cheibriados
Dithmenos
Elyvilon
Fedhas
Gozag
Hepliaklqana
Kikubaaqudgha
Makhleb
Nemelex Xobeh
Okawaru
Qazlal
Ru
Sif Muna
Trog
Uskayaw
Vehumet
Wu Jian
Xom
Yredelemnul
Zin
The Shining One

Shops:
D:9 ?   Orc:1 *   Orc:2 [((:   Vaults:1 [

Portals:
Trove: D:12 (give +4 demon blade)

Annotations:
D:2 1 runed translucent door, Crazy Yiuf
D:9 1 runed translucent door, qw's ghost, novice GrCA
D:14 3 runed translucent doors, Axipewex's ghost, journeyman OgTm
Swamp:2 2 transporters, qw's ghost, adept GrFi
Spider:1 Agnes
Spider:4 3 runed translucent doors, Tacit's ghost, journeyman GrMo; qw's ghost, adept GrFi
Orc:2 3 runed translucent doors, qw's ghost, adept GrFi


Message History

The ancient lich is lightly damaged.
You hit the lich.
The lich touches you but does no damage.
The ironbound frostheart calls freezing cold from the walls.
The frost grips you but does no damage.
The ancient lich mumbles some strange words.
The ancient lich seems to speed up.
You hit the ancient lich.
The ancient lich is lightly damaged.
You slice the lich!! The ice encasing you melts away.
The lich conjures an orb of pure magic.
You block the orb of destruction.
The ancient lich gestures at you while chanting.
The crystal spear hits you!!!!
Ouch! That really hurt!
41403 ||| READING scroll of teleportation.
As you read the scroll of teleportation, it crumbles to dust.
You feel strangely unstable. You block the lich's attack.
The ironbound convoker points at the ironbound frostheart and mumbles some strange words.
The ironbound frostheart seems to grow stronger.
The ancient lich points at you and mumbles some strange words.
The bolt of acid misses you.
The lich gestures at you while chanting.
You feel yourself slow down.
You slice the lich!!
The lich is heavily damaged.
You hit the ancient lich but do no damage.
The ancient lich casts a spell.
The ancient lich flickers and vanishes!
Deactivating autopickup; reactivate with Ctrl-A.
The ironbound convoker points at the vault warden and mumbles some strange words.
The vault warden seems to grow stronger.
The lich casts a spell.
The lich flickers and vanishes!
You hear some strange, mumbled words.
A crystal spear appears from out of thin air!
The crystal spear hits you!!!
You die...

.. #..# +...# #.........
. #..# #...+ #.........
#..# #...#####.........
#..# #.......#....#####
#..# +.......#....# #..#
#.......'....# #..##
#...#####....#
+..#pp#{..+.[##....#
#..#pp{@.[#..##....#
#####..############....#
.......[........ .....#
...........##### ##...#
#######....# ...# #....#
...# #....# #....#
#....#


You could see 2 vault wardens, an ironbound frostheart (strong) and an ironbound
convoker (catching breath).

Vanquished Creatures
  A lich (Abyss:3)
  Kirke (Lair:5)
  6 emperor scorpions (Spider:4)
  5 ghost moths
  A deep elf sorcerer (Vaults:2)
  3 vault wardens
  5 orc warlords
  Aizul (Swamp:1)
  A draconian annihilator (Abyss:3)
  6 ironbound preservers
  A caustic shrike skeleton (Abyss:3)
  10 dire elephants (Vaults:1)
  A deep elf annihilator (Vaults:2)
  5 ironbound thunderhulks
  2 spark wasps
  A bunyip (Swamp:2)
  2 ettins
  4 entropy weavers
  Josephine (D:15)
  A yaktaur captain (Vaults:1)
  2 great orbs of eyes (Vaults:1)
  2 shambling mangroves (Swamp:3)
  7 hydras
  Erolcha (Orc:1)
  A vault guard (Vaults:1)
  2 jorogumos (Spider:4)
  4 catoblepae (Lair:5)
  5 centaur warriors
  3 ogre magi
  3 radroaches
  A ghost crab (Spider:3)
  3 two-headed ogres
  3 ironbound frosthearts
  A boulder beetle (Vaults:2)
  2 dancing weapons (D:14)
  A death knight (D:14)
  11 alligators
  13 death yaks (Lair:5)
  Urug (D:13)
  4 tengu warriors
  A titan zombie (Abyss:3)
  2 wretched stars (Abyss:3)
  2 skysharks (Lair:4)
  A fire crab (Lair:5)
  An iron giant zombie (Abyss:3)
  3 goliath frogs
  10 deep trolls
  A spatial maelstrom (Abyss:3)
  5 pharaoh ants
  2 swamp dragons
  A spriggan druid (Swamp:3)
  7 steelbarb worms
  7 orb spiders
  2 harpies (Vaults:1)
  7 wizards
  8 ironbound convokers
  4 necromancers
  A shadow dragon zombie (Vaults:1)
  2 bog bodies (Swamp:3)
  3 deep elf pyromancers
  15 wolf spiders
  6 lindwurms (Vaults:1)
  6 orc knights
  7 manticores
  5 orc sorcerers
  23 ugly things
  A will-o-the-wisp (Swamp:2)
  5 cyclopes
  A stone giant zombie (Vaults:1)
  A salamander (shapeshifter) (D:14)
  3 black mambas
  4 vault sentinels
  12 demonic crawlers
  A moth of wrath (Spider:4)
  6 torpor snails
  9 cane toads
  A smoke demon (Abyss:3)
  4 kobold demonologists
  An unseen horror (D:8)
  7 komodo dragons
  3 rime drakes
  A freezing wraith (D:14)
  6 yaktaurs
  2 tengu conjurers
  An efreet (D:15)
  A guardian mummy (D:12)
  6 trolls
  A polar bear (Lair:5)
  Grinder (D:5)
  11 hornets
  2 bloated husks (Swamp:1)
  10 tyrant leeches
  A harpy skeleton (Abyss:3)
  18 tarantellas
  8 raiju (Abyss:3)
  23 dream sheep
  22 blink frogs
  14 jumping spiders
  33 slime creatures
  A jumping spider (shapeshifter) (D:14)
  A centaur simulacrum (Abyss:3)
  16 culicivoras
  8 spriggans
  3 shadows
  7 wraiths
  A dire elephant simulacrum (Abyss:3)
  61 yaks
  2 humans (Lair:5)
  6 wyverns
  9 basilisks
  A chaos spawn (Abyss:3)
  2 hogs (Lair:5)
  14 vampire mosquitoes
  A neqoxec (Abyss:3)
  5 steam dragons
  60 redbacks
  An elf skeleton (Vaults:1)
  A spatial vortex (Abyss:3)
  2 acid dragons
  15 water moccasins
  A hydra simulacrum (Abyss:3)
  11 swamp worms
  3 wargs
  43 orc warriors
  2 swamp drakes
  3 hornet zombies (D:7)
  4 ice beasts
  2 black bears
  13 centaurs
  9 wolves
  10 ogres
  8 kobold brigands
  2 gnoll sergeants (D:10)
  8 bullfrogs
  A water moccasin zombie (D:7)
  4 scorpions
  7 wights (D:9)
  9 killer bees
  8 electric eels
  4 howler monkeys
  2 bullfrog zombies (D:7)
  4 hounds
  4 jellies
  6 starcursed masses (Abyss:3)
  3 gnoll boudas
  34 orc priests
  An iguana (D:4)
  An iron imp (Abyss:3)
  2 sleepcaps
  19 orc wizards
  5 hell rats (Lair:4)
  A wolf simulacrum (Lair:5)
  A killer bee zombie (D:7)
  2 human simulacra
  3 mummies (Ossuary)
  Robin (D:2)
  A howler monkey zombie (D:7)
  25 gnolls
  10 adders
  A shadow imp (D:7)
  4 white imps
  2 adder zombies (Ossuary)
  A worm (D:3)
  A dart slug (D:3)
  137 orcs
  5 bats
  7 endoplasms
  6 giant cockroaches
  17 goblins
  6 hobgoblins
  7 jackals
  16 kobolds
  5 quokkas
  4 ball pythons
  A frilled lizard (D:2)
  5 goblin zombies (Ossuary)
  2 hobgoblin zombies (Ossuary)
  4 kobold zombies (Ossuary)
  2 quokka zombies (Ossuary)
  3 rats
  3 rat zombies (Ossuary)
  2 spectral weapons (Spider:1)
1215 creatures vanquished.

Vanquished Creatures (others)
  Asterion (Spider:1)
  A death yak (Lair:5)
  A wizard (D:10)
  A troll (shapeshifter) (Abyss:3)
  A tyrant leech (Spider:3)
  2 jumping spiders
  An orc warrior (Orc:2)
  A human simulacrum (D:13)
  10 foxfires (Swamp:3)
  A spectral weapon (Swamp:2)
20 creatures vanquished.

Grand Total: 1235 creatures vanquished

Notes
Turn   | Place    | Note
-------+----------+-------------------------------------------
     0 | D:1      | qw the Gargoyle Fighter began the quest for the Orb.
     0 | D:1      | Reached XP level 1. HP: 14/14 MP: 1/1
     0 | D:1      | 0 ||| qw: Version: 0.2-a-102-gdf20003
     0 | D:1      | 0 ||| qw: Game counter: 806
     0 | D:1      | 0 ||| qw: Always use a shield: true
     0 | D:1      | 0 ||| qw: God list: Okawaru
     0 | D:1      | 0 ||| qw: Allow faded altars: false
     0 | D:1      | 0 ||| qw: Do Orc after D:15 true
     0 | D:1      | 0 ||| qw: Do second Lair branch before Depths: true
     0 | D:1      | 0 ||| qw: Lair rune preference: random
     0 | D:1      | 0 ||| qw: Plans: Normal, Zot:1-4, Slime:5, God:TSO, Crypt,
                  | Tomb, Pan, Hells, Abyss, Win
     0 | D:1      | 0 ||| PLANNING D:1-11
    53 | D:1      | 53 ||| Stepping ~*~*~tactically~*~*~ (hiding).
    54 | D:1      | 54 ||| Stepping ~*~*~tactically~*~*~ (hiding).
   195 | D:1      | 195 ||| Stepping ~*~*~tactically~*~*~ (stealth).
   204 | D:1      | Reached XP level 2. HP: 19/19 MP: 2/2
   303 | D:1      | Found a faded altar of an unknown god.
   674 | D:1      | 674 ||| UPGRADING to amulet of faith.
   679 | D:1      | 679 ||| DROPPING +6 ring of intelligence.
   680 | D:1      | 680 ||| READING 3 scrolls labelled FORONKEEN.
   681 | D:1      | 681 ||| READING scroll labelled ANIDAKHL HUCENE.
   686 | D:1      | 686 ||| READING scroll labelled VEUQAUMYRIE.
   687 | D:1      | 687 ||| READING scroll labelled BIUGAMNESKO.
   688 | D:1      | 688 ||| DROPPING 2 scrolls of poison.
   753 | D:2      | Identified the +3 helmet of Pavam {Str+2}
   771 | D:2      | Reached skill level 3 in Axes
   839 | D:2      | Reached XP level 3. HP: 23/23 MP: 3/3
  1016 | D:2      | 1016 ||| Stepping ~*~*~tactically~*~*~ (stealth).
  1019 | D:2      | 1019 ||| Stepping ~*~*~tactically~*~*~ (hiding).
  1032 | D:2      | 1032 ||| Stepping ~*~*~tactically~*~*~ (stealth).
  1040 | D:2      | Noticed Robin
  1041 | D:2      | 1041 ||| Stepping ~*~*~tactically~*~*~ (hiding).
  1055 | D:2      | Killed Robin
  1056 | D:2      | Reached XP level 4. HP: 19/28 MP: 4/4
  1073 | D:2      | 1073 ||| FLEEEEING.
  1074 | D:2      | 1074 ||| FLEEEEING.
  1075 | D:2      | 1075 ||| FLEEEEING.
  1076 | D:2      | 1076 ||| FLEEEEING.
  1077 | D:2      | 1077 ||| FLEEEEING.
  1078 | D:2      | 1078 ||| FLEEEEING.
  1079 | D:2      | 1079 ||| FLEEEEING.
  1113 | D:2      | 1113 ||| Stepping ~*~*~tactically~*~*~ (hiding).
  1125 | D:2      | 1125 ||| Stepping ~*~*~tactically~*~*~ (stealth).
  1193 | D:2      | 1193 ||| Stepping ~*~*~tactically~*~*~ (hiding).
  1310 | D:2      | 1310 ||| Stepping ~*~*~tactically~*~*~ (stealth).
  1407 | D:2      | Found a runed translucent door.
  1408 | D:2      | Noticed Crazy Yiuf
  1779 | D:2      | 1779 ||| UPGRADING to +3 helmet of Pavam {Str+2}.
  1784 | D:2      | 1784 ||| UPGRADING to +0 plate armour.
  1794 | D:2      | 1794 ||| DROPPING +0 scale mail.
  1795 | D:2      | 1795 ||| READING scroll labelled VOVVUPP QUUT.
  1896 | D:2      | 1896 ||| READING scroll labelled RENEUX XETOISI.
  1897 | D:2      | 1897 ||| READING scroll labelled ZENECU JI JOUX.
  1992 | D:3      | 1992 ||| READING scroll of enchant armour.
  1992 | D:3      | 1992 ||| ENCHANTING +0 plate armour.
  2017 | D:3      | 2017 ||| Stepping ~*~*~tactically~*~*~ (hiding).
  2018 | D:3      | 2018 ||| Stepping ~*~*~tactically~*~*~ (hiding).
  2127 | D:3      | 2127 ||| Stepping ~*~*~tactically~*~*~ (hiding).
  2129 | D:3      | 2129 ||| Stepping ~*~*~tactically~*~*~ (stealth).
  2188 | D:3      | 2188 ||| Stepping ~*~*~tactically~*~*~ (stealth).
  2191 | D:3      | 2191 ||| Stepping ~*~*~tactically~*~*~ (hiding).
  2194 | D:3      | Reached XP level 5. HP: 32/32 MP: 5/5
  2253 | D:3      | 2253 ||| Stepping ~*~*~tactically~*~*~ (stealth).
  2255 | D:3      | 2255 ||| Stepping ~*~*~tactically~*~*~ (stealth).
  2256 | D:3      | 2256 ||| Stepping ~*~*~tactically~*~*~ (stealth).
  2392 | D:3      | Found a shimmering blue altar of Sif Muna.
  2563 | D:3      | 2563 ||| DRINKING 2 metallic clear potions.
  2564 | D:3      | 2564 ||| DRINKING 2 white potions.
  2565 | D:3      | 2565 ||| READING 3 scrolls of identify.
  2565 | D:3      | 2565 ||| IDENTIFYING fizzy emerald potion
  2566 | D:3      | 2566 ||| READING 2 scrolls of identify.
  2566 | D:3      | 2566 ||| IDENTIFYING inky potion
  2567 | D:3      | 2567 ||| DROPPING potion of flight.
  2568 | D:3      | 2568 ||| DROPPING potion of brilliance.
  2610 | D:4      | 2610 ||| STAIRDANCE
  2615 | D:3      | Reached XP level 6. HP: 29/38 MP: 6/6
  2653 | D:4      | 2653 ||| STAIRDANCE
  2686 | D:4      | 2686 ||| FLEEEEING.
  2687 | D:4      | 2687 ||| FLEEEEING.
  2688 | D:4      | 2688 ||| FLEEEEING.
  2689 | D:4      | 2689 ||| STAIRDANCE
  2772 | D:4      | 2772 ||| STAIRDANCE
  2784 | D:4      | 2784 ||| DROPPING +0 whip.
  2812 | D:4      | 2812 ||| Stepping ~*~*~tactically~*~*~ (hiding).
  2824 | D:4      | Reached skill level 6 in Axes
  2859 | D:4      | Reached XP level 7. HP: 43/43 MP: 7/7
  2897 | D:4      | 2897 ||| Stepping ~*~*~tactically~*~*~ (stealth).
  2910 | D:4      | HP: 10/43 [gnoll/+0 spear[a gnoll bouda] (3)]
  2911 | D:4      | 2911 ||| READING 2 scrolls of teleportation.
  2930 | D:4      | HP: 10/43 [hound (2)]
  2931 | D:4      | 2931 ||| READING scroll of teleportation.
  2954 | D:4      | 2954 ||| FLEEEEING.
  2955 | D:4      | 2955 ||| FLEEEEING.
  2956 | D:4      | 2956 ||| FLEEEEING.
  2957 | D:4      | 2957 ||| FLEEEEING.
  2958 | D:4      | 2958 ||| FLEEEEING.
  2959 | D:4      | 2959 ||| FLEEEEING.
  2960 | D:4      | 2960 ||| FLEEEEING.
  2964 | D:4      | 2964 ||| FLEEEEING.
  2965 | D:4      | 2965 ||| STAIRDANCE
  3052 | D:3      | 3052 ||| READING scroll labelled PUCSAN MYOL.
  3079 | D:4      | 3079 ||| FLEEEEING.
  3080 | D:4      | 3080 ||| FLEEEEING.
  3081 | D:4      | 3081 ||| FLEEEEING.
  3082 | D:4      | 3082 ||| FLEEEEING.
  3084 | D:4      | 3084 ||| FLEEEEING.
  3085 | D:4      | 3085 ||| FLEEEEING.
  3086 | D:4      | 3086 ||| FLEEEEING.
  3324 | D:4      | 3324 ||| Stepping ~*~*~tactically~*~*~ (stealth).
  3342 | D:4      | 3342 ||| Stepping ~*~*~tactically~*~*~ (stealth).
  3343 | D:4      | 3343 ||| Stepping ~*~*~tactically~*~*~ (stealth).
  3344 | D:4      | 3344 ||| Stepping ~*~*~tactically~*~*~ (stealth).
  3357 | D:4      | 3357 ||| FLEEEEING.
  3358 | D:4      | 3358 ||| FLEEEEING.
  3359 | D:4      | 3359 ||| FLEEEEING.
  3399 | D:4      | 3399 ||| READING scroll labelled GAINTA EDONU.
  3400 | D:4      | 3400 ||| DRINKING 2 orange potions.
  3401 | D:4      | 3401 ||| DROPPING potion of magic.
  3407 | D:5      | Entered Level 5 of the Dungeon
  3443 | D:5      | 3443 ||| Stepping ~*~*~tactically~*~*~ (stealth).
  3469 | D:5      | 3469 ||| SWAPPING to +2 vampiric hand axe.
  3559 | D:5      | Found an opulent altar of Gozag.
  3692 | D:5      | Noticed Grinder
  3694 | D:5      | Paralysed by Grinder for 2 turns
  3708 | D:5      | 3708 ||| Stepping ~*~*~tactically~*~*~ (hiding).
  3717 | D:5      | 3717 ||| Stepping ~*~*~tactically~*~*~ (hiding).
  3722 | D:5      | 3722 ||| FLEEEEING.
  3730 | D:5      | 3730 ||| FLEEEEING.
  3731 | D:5      | 3731 ||| FLEEEEING.
  3731 | D:5      | Paralysed by Grinder for 5 turns
  3736 | D:5      | 3736 ||| FLEEEEING.
  3737 | D:5      | 3737 ||| FLEEEEING.
  3741 | D:5      | 3741 ||| FLEEEEING.
  3742 | D:5      | 3742 ||| FLEEEEING.
  3744 | D:5      | 3744 ||| FLEEEEING.
  3745 | D:5      | 3745 ||| FLEEEEING.
  3746 | D:5      | 3746 ||| FLEEEEING.
  3747 | D:5      | 3747 ||| FLEEEEING.
  3748 | D:5      | 3748 ||| FLEEEEING.
  3756 | D:5      | 3756 ||| FLEEEEING.
  3757 | D:5      | 3757 ||| FLEEEEING.
  3758 | D:5      | 3758 ||| FLEEEEING.
  3759 | D:5      | 3759 ||| FLEEEEING.
  3784 | D:5      | Killed Grinder
  3785 | D:5      | Reached skill level 6 in Fighting
  3785 | D:5      | Reached XP level 8. HP: 39/51 MP: 8/8
  3969 | D:5      | 3969 ||| Stepping ~*~*~tactically~*~*~ (hiding).
  4057 | D:5      | Reached skill level 1 in Dodging
  4152 | D:5      | 4152 ||| READING scroll labelled OPRENI QADO.
  4153 | D:5      | 4153 ||| READING 3 scrolls of identify.
  4153 | D:5      | 4153 ||| IDENTIFYING golden potion
  4154 | D:5      | 4154 ||| READING 2 scrolls of identify.
  4154 | D:5      | 4154 ||| IDENTIFYING yellow potion
  4155 | D:5      | 4155 ||| DROPPING potion of invisibility.
  4206 | D:6      | Found an ornate altar of the Wu Jian Council.
  4295 | D:6      | 4295 ||| Stepping ~*~*~tactically~*~*~ (hiding).
  4333 | D:6      | Found a staircase to the Ecumenical Temple.
  4334 | D:6      | 4334 ||| PLANNING TEMPLE
  4340 | Temple   | Entered the Ecumenical Temple
  4341 | Temple   | 4341 ||| PLANNING OKAWARU WORSHIP
  5056 | Temple   | Became a worshipper of Warmaster Okawaru
  5056 | Temple   | 5056 ||| PLANNING D:1-11
  5093 | D:6      | Found a glowing golden altar of the Shining One.
  5093 | D:6      | Found a glowing silver altar of Zin.
  5101 | D:6      | Found a faded altar of an unknown god.
  5103 | D:6      | Found a burning altar of Makhleb.
  5105 | D:6      | Found a faded altar of an unknown god.
  5147 | D:6      | 5147 ||| Stepping ~*~*~tactically~*~*~ (stealth).
  5149 | D:6      | 5149 ||| Stepping ~*~*~tactically~*~*~ (hiding).
  5156 | D:6      | Reached skill level 1 in Throwing
  5238 | D:6      | 5238 ||| Stepping ~*~*~tactically~*~*~ (stealth).
  5256 | D:6      | 5256 ||| DROPPING +0 flail.
  5262 | D:6      | Found a blossoming altar of Fedhas.
  5362 | D:6      | Reached * piety under Okawaru
  5391 | D:6      | Reached skill level 1 in Invocations
  5436 | D:6      | 5436 ||| INVOKING Heroism.
  5684 | D:6      | Reached XP level 9. HP: 55/55 MP: 10/10
  5981 | D:6      | Found a bloodstained altar of Trog.
  6066 | D:6      | 6066 ||| READING scroll labelled CEVEEJA EDUKUO.
  6102 | D:6      | 6102 ||| READING scroll labelled WEDAYL ZOWN.
  6103 | D:6      | 6103 ||| READING 4 scrolls of identify.
  6103 | D:6      | 6103 ||| IDENTIFYING smoky golden potion
  6104 | D:6      | 6104 ||| READING 3 scrolls of identify.
  6104 | D:6      | 6104 ||| IDENTIFYING glowing cyan potion
  6105 | D:6      | 6105 ||| DROPPING potion of berserk rage.
  6190 | D:7      | 6190 ||| INVOKING Heroism.
  6207 | D:7      | 6207 ||| Stepping ~*~*~tactically~*~*~ (water).
  6214 | D:7      | 6214 ||| INVOKING Heroism.
  6220 | D:7      | Reached skill level 3 in Invocations
  6224 | D:7      | HP: 13/55 [electric eel/bolt of electricity (1)]
  6225 | D:7      | 6225 ||| READING 6 scrolls of teleportation.
  6226 | D:7      | 6226 ||| DRINKING potion of heal wounds.
  6242 | D:7      | 6242 ||| INVOKING Heroism.
  6337 | D:7      | 6337 ||| INVOKING Heroism.
  6384 | D:7      | Reached skill level 9 in Axes
  6456 | D:7      | 6456 ||| Stepping ~*~*~tactically~*~*~ (stealth).
  6458 | D:7      | 6458 ||| INVOKING Heroism.
  6480 | D:7      | 6480 ||| INVOKING Heroism.
  6486 | D:7      | Reached skill level 4 in Shields
  6587 | D:7      | 6587 ||| Stepping ~*~*~tactically~*~*~ (stealth).
  6651 | D:7      | 6651 ||| INVOKING Heroism.
  6656 | D:7      | 6656 ||| Stepping ~*~*~tactically~*~*~ (hiding).
  6855 | D:7      | 6855 ||| INVOKING Heroism.
  6869 | D:7      | Reached ** piety under Okawaru
  6947 | D:7      | Found a basalt altar of Yredelemnul.
  7166 | D:7      | 7166 ||| UPGRADING to +0 cloak.
  7171 | D:7      | 7171 ||| UPGRADING to +0 pair of gloves.
  7176 | D:7      | 7176 ||| READING scroll labelled YSENYSU HIDDIC.
  7213 | D:8      | 7213 ||| PLANNING OSSUARY
  7213 | D:8      | 7213 ||| INVOKING Heroism.
  7221 | D:8      | Reached XP level 10. HP: 57/63 MP: 10/13
  7236 | D:8      | Reached skill level 6 in Armour
  7249 | D:8      | 7249 ||| STAIRDANCE
  7271 | D:8      | 7271 ||| STAIRDANCE
  7276 | D:7      | 7276 ||| INVOKING Heroism.
  7279 | D:7      | Reached *** piety under Okawaru
  7371 | D:8      | 7371 ||| Stepping ~*~*~tactically~*~*~ (hiding).
  7429 | D:8      | 7429 ||| DROPPING +4 flail.
  7430 | D:8      | Found a sand-covered staircase.
  7439 | Ossuary  | Entered an ossuary
  7451 | Ossuary  | 7451 ||| INVOKING Heroism.
  7678 | Ossuary  | 7678 ||| READING scroll of enchant armour.
  7678 | Ossuary  | 7678 ||| ENCHANTING +0 pair of gloves.
  7693 | Ossuary  | 7693 ||| DRINKING 3 clear potions.
  7694 | Ossuary  | 7694 ||| READING 4 scrolls of identify.
  7694 | Ossuary  | 7694 ||| IDENTIFYING metallic cyan potion
  7699 | D:8      | 7699 ||| PLANNING D:1-11
  7861 | D:8      | 7861 ||| Stepping ~*~*~tactically~*~*~ (cloud).
  7863 | D:8      | 7863 ||| INVOKING Heroism.
  7878 | D:8      | Reached skill level 5 in Shields
  7888 | D:8      | 7888 ||| SWAPPING to +0 broad axe.
  7889 | D:8      | 7889 ||| Stepping ~*~*~tactically~*~*~ (stealth).
  7890 | D:8      | 7890 ||| DROPPING +0 war axe.
  7891 | D:8      | 7891 ||| DROPPING +2 vampiric hand axe.
  7894 | D:8      | 7894 ||| Stepping ~*~*~tactically~*~*~ (stealth).
  7895 | D:8      | 7895 ||| Stepping ~*~*~tactically~*~*~ (stealth).
  7896 | D:8      | 7896 ||| Stepping ~*~*~tactically~*~*~ (stealth).
  7901 | D:8      | 7901 ||| Stepping ~*~*~tactically~*~*~ (stealth).
  7902 | D:8      | 7902 ||| Stepping ~*~*~tactically~*~*~ (stealth).
  7909 | D:8      | 7909 ||| Stepping ~*~*~tactically~*~*~ (hiding).
  7911 | D:8      | 7911 ||| INVOKING Heroism.
  7917 | D:8      | 7917 ||| Stepping ~*~*~tactically~*~*~ (hiding).
  7924 | D:8      | Killed an unseen horror
  7991 | D:8      | 7991 ||| INVOKING Heroism.
  8399 | D:8      | 8399 ||| READING scroll labelled XYCKAO NOIDUUT.
  8449 | D:9      | Found a runed translucent door.
  8449 | D:9      | Noticed qw's ghost (novice GrCA)
  8499 | D:9      | 8499 ||| Stepping ~*~*~tactically~*~*~ (stealth).
  8501 | D:9      | 8501 ||| Stepping ~*~*~tactically~*~*~ (hiding).
  8621 | D:9      | 8621 ||| Stepping ~*~*~tactically~*~*~ (stealth).
  8625 | D:9      | 8625 ||| Stepping ~*~*~tactically~*~*~ (stealth).
  8627 | D:9      | 8627 ||| Stepping ~*~*~tactically~*~*~ (stealth).
  8646 | D:9      | Reached **** piety under Okawaru
  8663 | D:9      | 8663 ||| INVOKING Heroism.
  8760 | D:9      | Reached XP level 11. HP: 66/68 MP: 14/14
  8795 | D:9      | Found Qarey's Magic Scroll Shop.
  8798 | D:9      | 8798 ||| BUYING scroll of enchant armour (105 gold).
  8798 | D:9      | Bought a scroll of enchant armour for 105 gold pieces
  8798 | D:9      | 8798 ||| BUYING scroll of enchant armour (105 gold).
  8798 | D:9      | Bought a scroll of enchant armour for 105 gold pieces
  8798 | D:9      | 8798 ||| BUYING scroll of enchant weapon (105 gold).
  8798 | D:9      | Bought a scroll of enchant weapon for 105 gold pieces
  8798 | D:9      | 8798 ||| BUYING scroll of identify (28 gold).
  8798 | D:9      | Bought a scroll of identify for 28 gold pieces
  8798 | D:9      | 8798 ||| BUYING scroll of teleportation (42 gold).
  8798 | D:9      | Bought a scroll of teleportation for 42 gold pieces
  8798 | D:9      | 8798 ||| READING 2 scrolls of enchant armour.
  8798 | D:9      | 8798 ||| ENCHANTING +1 pair of gloves.
  8799 | D:9      | 8799 ||| READING scroll of enchant armour.
  8799 | D:9      | 8799 ||| ENCHANTING +0 cloak.
  8800 | D:9      | 8800 ||| READING scroll of enchant weapon.
  8800 | D:9      | 8800 ||| ENCHANTING +0 broad axe.
  8921 | D:9      | 8921 ||| Stepping ~*~*~tactically~*~*~ (hiding).
  8924 | D:9      | 8924 ||| Stepping ~*~*~tactically~*~*~ (hiding).
  9134 | D:9      | 9134 ||| INVOKING Heroism.
  9345 | D:9      | 9345 ||| Stepping ~*~*~tactically~*~*~ (stealth).
  9347 | D:9      | 9347 ||| INVOKING Heroism.
  9360 | D:9      | Reached skill level 6 in Invocations
  9467 | D:9      | 9467 ||| INVOKING Heroism.
  9470 | D:9      | Found a staircase to the Orcish Mines.
  9498 | D:9      | 9498 ||| INVOKING Heroism.
  9822 | D:10     | Entered Level 10 of the Dungeon
  9823 | D:10     | 9823 ||| INVOKING Heroism.
  9830 | D:10     | Noticed a wizard
  9837 | D:10     | Noticed a brown ugly thing
  9841 | D:10     | Killed a wizard
  9842 | D:10     | Reached skill level 9 in Fighting
  9843 | D:10     | Noticed a manticore
  9847 | D:10     | Killed a brown ugly thing
  9850 | D:10     | 9850 ||| INVOKING Heroism.
  9853 | D:10     | Killed a manticore
  9950 | D:10     | 9950 ||| Stepping ~*~*~tactically~*~*~ (hiding).
  9994 | D:10     | Reached ***** piety under Okawaru
 10096 | D:10     | 10096 ||| Stepping ~*~*~tactically~*~*~ (hiding).
 10123 | D:10     | 10123 ||| INVOKING Heroism.
 10623 | D:10     | 10623 ||| READING scroll labelled VIEDAD ROUMN.
 10641 | D:11     | 10641 ||| INVOKING Heroism.
 10647 | D:11     | 10647 ||| READING 7 scrolls of teleportation.
 10698 | D:11     | 10698 ||| INVOKING Heroism.
 10792 | D:11     | 10792 ||| INVOKING Heroism.
 10926 | D:11     | 10926 ||| INVOKING Heroism.
 10958 | D:11     | Found a staircase to the Lair.
 10975 | D:11     | 10975 ||| Stepping ~*~*~tactically~*~*~ (hiding).
 10978 | D:11     | 10978 ||| Stepping ~*~*~tactically~*~*~ (hiding).
 11028 | D:11     | 11028 ||| INVOKING Heroism.
 11047 | D:11     | Reached skill level 12 in Axes
 11047 | D:11     | Reached skill level 9 in Invocations
 11236 | D:11     | Noticed a manticore
 11237 | D:11     | 11237 ||| INVOKING Heroism.
 11244 | D:11     | Killed a manticore
 11245 | D:11     | Reached XP level 12. HP: 64/76 MP: 16/18
 11425 | D:11     | 11425 ||| INVOKING Heroism.
 11429 | D:11     | Noticed a soul eater
 11435 | D:11     | Received a gift from Okawaru
 11792 | D:11     | 11792 ||| PLANNING LAIR
 11792 | D:11     | 11792 ||| DRINKING 2 glowing emerald potions.
 11792 | D:11     | Reached XP level 13. HP: 80/80 MP: 19/21
 11793 | D:11     | 11793 ||| DRINKING potion of experience.
 11793 | D:11     | Gained mutation: Your large and strong wings let you fly.
                  | [Gargoyle growth]
 11793 | D:11     | Reached XP level 14. HP: 86/86 MP: 19/22
 11840 | Lair:1   | Entered Level 1 of the Lair of Beasts
 11992 | Lair:1   | 11992 ||| INVOKING Heroism.
 12057 | Lair:1   | 12057 ||| Stepping ~*~*~tactically~*~*~ (stealth).
 12058 | Lair:1   | 12058 ||| Stepping ~*~*~tactically~*~*~ (stealth).
 12086 | Lair:1   | 12086 ||| Stepping ~*~*~tactically~*~*~ (stealth).
 12087 | Lair:1   | 12087 ||| Stepping ~*~*~tactically~*~*~ (stealth).
 12123 | Lair:1   | Reached skill level 6 in Shields
 12200 | Lair:1   | 12200 ||| UPGRADING to ring of protection from fire.
 12829 | Lair:1   | 12829 ||| UPGRADING to ring of positive energy.
 12830 | Lair:1   | 12830 ||| UPGRADING to +6 ring of dexterity.
 12927 | Lair:2   | Reached skill level 3 in Dodging
 13068 | Lair:2   | 13068 ||| Stepping ~*~*~tactically~*~*~ (stealth).
 13082 | Lair:2   | 13082 ||| Stepping ~*~*~tactically~*~*~ (stealth).
 13084 | Lair:2   | 13084 ||| Stepping ~*~*~tactically~*~*~ (stealth).
 13090 | Lair:2   | 13090 ||| Stepping ~*~*~tactically~*~*~ (stealth).
 13092 | Lair:2   | 13092 ||| Stepping ~*~*~tactically~*~*~ (stealth).
 13099 | Lair:2   | 13099 ||| Stepping ~*~*~tactically~*~*~ (stealth).
 13100 | Lair:2   | 13100 ||| Stepping ~*~*~tactically~*~*~ (stealth).
 13202 | Lair:2   | Found a staircase to the Swamp.
 13427 | Lair:2   | 13427 ||| Stepping ~*~*~tactically~*~*~ (hiding).
 13443 | Lair:2   | 13443 ||| INVOKING Heroism.
 13596 | Lair:2   | Found a hole to the Spider Nest.
 13599 | Lair:2   | 13599 ||| DROPPING amulet of guardian spirit.
 13941 | Lair:3   | 13941 ||| Stepping ~*~*~tactically~*~*~ (stealth).
 14079 | Lair:3   | 14079 ||| Stepping ~*~*~tactically~*~*~ (stealth).
 14083 | Lair:3   | 14083 ||| Stepping ~*~*~tactically~*~*~ (stealth).
 14101 | Lair:3   | 14101 ||| INVOKING Heroism.
 14191 | Lair:3   | 14191 ||| Stepping ~*~*~tactically~*~*~ (hiding).
 14654 | Lair:3   | 14654 ||| INVOKING Heroism.
 14904 | Lair:3   | 14904 ||| READING 11 scrolls of identify.
 14904 | Lair:3   | 14904 ||| IDENTIFYING lumpy puce potion
 14942 | Lair:4   | 14942 ||| INVOKING Heroism.
 14983 | Lair:4   | 14983 ||| FLEEEEING.
 14984 | Lair:4   | 14984 ||| STAIRDANCE
 15118 | Lair:4   | Found a staircase to the Slime Pits.
 15122 | Lair:4   | 15122 ||| Stepping ~*~*~tactically~*~*~ (stealth).
 15124 | Lair:4   | 15124 ||| Stepping ~*~*~tactically~*~*~ (stealth).
 15125 | Lair:4   | 15125 ||| Stepping ~*~*~tactically~*~*~ (stealth).
 15140 | Lair:4   | Received a gift from Okawaru
 15161 | Lair:4   | 15161 ||| Stepping ~*~*~tactically~*~*~ (stealth).
 15164 | Lair:4   | 15164 ||| Stepping ~*~*~tactically~*~*~ (stealth).
 15165 | Lair:4   | 15165 ||| Stepping ~*~*~tactically~*~*~ (stealth).
 15166 | Lair:4   | 15166 ||| Stepping ~*~*~tactically~*~*~ (stealth).
 15167 | Lair:4   | 15167 ||| Stepping ~*~*~tactically~*~*~ (stealth).
 15170 | Lair:4   | 15170 ||| Stepping ~*~*~tactically~*~*~ (stealth).
 15351 | Lair:4   | Identified the +0 scale mail "Gaohet" {Fly Will- Str+4}
                  | (Okawaru gifted it to you on level 4 of the Lair of Beasts)
 15351 | Lair:4   | Received a gift from Okawaru
 15621 | Lair:4   | 15621 ||| INVOKING Heroism.
 16259 | Lair:5   | Entered Level 5 of the Lair of Beasts
 16259 | Lair:5   | Found a frozen archway.
 16264 | Lair:5   | 16264 ||| STAIRDANCE
 16342 | Lair:5   | 16342 ||| STAIRDANCE
 16422 | Lair:5   | 16422 ||| STAIRDANCE
 16426 | Lair:4   | 16426 ||| INVOKING Heroism.
 16563 | Lair:5   | 16563 ||| STAIRDANCE
 16569 | Lair:4   | 16569 ||| INVOKING Heroism.
 16677 | Lair:5   | 16677 ||| STAIRDANCE
 16688 | Lair:4   | Reached skill level 7 in Shields
 16721 | Lair:5   | 16721 ||| INVOKING Heroism.
 16722 | Lair:5   | 16722 ||| INVOKING Finesse.
 16744 | Lair:5   | Reached XP level 15. HP: 82/94 MP: 16/23
 16773 | Lair:5   | 16773 ||| Stepping ~*~*~tactically~*~*~ (hiding).
 16774 | Lair:5   | 16774 ||| Stepping ~*~*~tactically~*~*~ (hiding).
 16775 | Lair:5   | 16775 ||| Stepping ~*~*~tactically~*~*~ (hiding).
 16782 | Lair:5   | 16782 ||| Stepping ~*~*~tactically~*~*~ (stealth).
 16787 | Lair:5   | 16787 ||| Stepping ~*~*~tactically~*~*~ (stealth).
 16788 | Lair:5   | 16788 ||| Stepping ~*~*~tactically~*~*~ (stealth).
 16810 | Lair:5   | 16810 ||| INVOKING Heroism.
 16927 | Lair:5   | 16927 ||| INVOKING Heroism.
 16975 | Lair:5   | 16975 ||| Stepping ~*~*~tactically~*~*~ (stealth).
 16976 | Lair:5   | 16976 ||| Stepping ~*~*~tactically~*~*~ (stealth).
 17017 | Lair:5   | 17017 ||| FLEEEEING.
 17020 | Lair:5   | 17020 ||| FLEEEEING.
 17021 | Lair:5   | 17021 ||| FLEEEEING.
 17022 | Lair:5   | 17022 ||| FLEEEEING.
 17023 | Lair:5   | 17023 ||| STAIRDANCE
 17031 | Lair:5   | 17031 ||| STAIRDANCE
 17119 | Lair:5   | 17119 ||| Stepping ~*~*~tactically~*~*~ (stealth).
 17130 | Lair:5   | 17130 ||| INVOKING Heroism.
 17142 | Lair:5   | Reached skill level 15 in Axes
 17313 | Lair:5   | Noticed Kirke
 17314 | Lair:5   | 17314 ||| INVOKING Heroism.
 17315 | Lair:5   | 17315 ||| INVOKING Finesse.
 17321 | Lair:5   | 17321 ||| Stepping ~*~*~tactically~*~*~ (stealth).
 17322 | Lair:5   | 17322 ||| DRINKING 5 potions of cancellation.
 17336 | Lair:5   | Killed Kirke
 17336 | Lair:5   | Identified the +2 war axe of Causality {protect, rC+ rCorr
                  | MP+9 Dex+4} (Okawaru gifted it to you on level 5 of the
                  | Lair of Beasts)
 17336 | Lair:5   | Received a gift from Okawaru
 17382 | Lair:5   | 17382 ||| SWAPPING to +2 war axe of Causality {protect, rC+
                  | rCorr MP+9 Dex+4}.
 17383 | Lair:5   | 17383 ||| DROPPING +1 broad axe.
 17438 | Lair:5   | 17438 ||| INVOKING Heroism.
 17439 | Lair:5   | 17439 ||| INVOKING Finesse.
 17442 | Lair:5   | 17442 ||| SWAPPING to +0 morningstar.
 17449 | Lair:5   | 17449 ||| SWAPPING to +2 war axe of Causality {protect, rC+
                  | rCorr MP+9 Dex+4}.
 17454 | Lair:5   | 17454 ||| Stepping ~*~*~tactically~*~*~ (stealth).
 17486 | Lair:5   | 17486 ||| Stepping ~*~*~tactically~*~*~ (stealth).
 17488 | Lair:5   | 17488 ||| Stepping ~*~*~tactically~*~*~ (stealth).
 17492 | Lair:5   | 17492 ||| Stepping ~*~*~tactically~*~*~ (stealth).
 17517 | Lair:5   | 17517 ||| Stepping ~*~*~tactically~*~*~ (stealth).
 17621 | Lair:5   | 17621 ||| INVOKING Heroism.
 17682 | Lair:5   | 17682 ||| Stepping ~*~*~tactically~*~*~ (stealth).
 17711 | Lair:5   | Reached skill level 12 in Fighting
 17714 | Lair:5   | 17714 ||| INVOKING Heroism.
 17792 | Lair:5   | 17792 ||| FLEEEEING.
 17826 | Lair:5   | 17826 ||| Stepping ~*~*~tactically~*~*~ (stealth).
 17832 | Lair:5   | 17832 ||| INVOKING Heroism.
 17974 | Lair:5   | 17974 ||| Stepping ~*~*~tactically~*~*~ (stealth).
 18341 | Lair:5   | 18341 ||| Stepping ~*~*~tactically~*~*~ (stealth).
 18421 | Lair:5   | 18421 ||| INVOKING Heroism.
 18628 | Lair:5   | 18628 ||| PLANNING D
 18784 | D:12     | 18784 ||| STAIRDANCE
 18792 | D:11     | Received a gift from Okawaru
 18879 | D:12     | 18879 ||| Stepping ~*~*~tactically~*~*~ (stealth).
 18883 | D:12     | 18883 ||| Stepping ~*~*~tactically~*~*~ (stealth).
 18884 | D:12     | 18884 ||| Stepping ~*~*~tactically~*~*~ (stealth).
 18894 | D:12     | 18894 ||| Stepping ~*~*~tactically~*~*~ (stealth).
 18933 | D:12     | 18933 ||| Stepping ~*~*~tactically~*~*~ (hiding).
 18934 | D:12     | 18934 ||| Stepping ~*~*~tactically~*~*~ (hiding).
 19024 | D:12     | Identified the +2 war axe of Ysaut {heavy, Int+4}
 19026 | D:12     | 19026 ||| DROPPING +2 war axe of Ysaut {heavy, Int+4}.
 19160 | D:12     | 19160 ||| Stepping ~*~*~tactically~*~*~ (hiding).
 19161 | D:12     | 19161 ||| Stepping ~*~*~tactically~*~*~ (hiding).
 19549 | D:12     | 19549 ||| Stepping ~*~*~tactically~*~*~ (hiding).
 19737 | D:12     | 19737 ||| Stepping ~*~*~tactically~*~*~ (hiding).
 19738 | D:12     | 19738 ||| Stepping ~*~*~tactically~*~*~ (hiding).
 19847 | D:12     | Found a portal to a secret trove of treasure.
 20177 | D:12     | Reached skill level 8 in Shields
 20310 | D:13     | 20310 ||| Stepping ~*~*~tactically~*~*~ (stealth).
 20325 | D:13     | Received a gift from Okawaru
 20326 | D:13     | Reached skill level 12 in Armour
 20611 | D:13     | Noticed Urug
 20612 | D:13     | 20612 ||| Stepping ~*~*~tactically~*~*~ (hiding).
 20617 | D:13     | 20617 ||| INVOKING Heroism.
 20618 | D:13     | 20618 ||| INVOKING Finesse.
 20633 | D:13     | Killed Urug
 20826 | D:13     | Reached XP level 16. HP: 94/103 MP: 24/24
 20931 | D:13     | 20931 ||| Stepping ~*~*~tactically~*~*~ (hiding).
 21252 | D:13     | 21252 ||| Stepping ~*~*~tactically~*~*~ (hiding).
 21255 | D:13     | 21255 ||| Stepping ~*~*~tactically~*~*~ (hiding).
 21259 | D:13     | 21259 ||| INVOKING Heroism.
 21260 | D:13     | 21260 ||| INVOKING Finesse.
 21265 | D:13     | 21265 ||| SWAPPING to +0 morningstar.
 21273 | D:13     | 21273 ||| SWAPPING to +2 war axe of Causality {protect, rC+
                  | rCorr MP+9 Dex+4}.
 21451 | D:13     | 21451 ||| INVOKING Heroism.
 21727 | D:14     | 21727 ||| Stepping ~*~*~tactically~*~*~ (stealth).
 21745 | D:14     | 21745 ||| INVOKING Heroism.
 21755 | D:14     | Found a runed translucent gate.
 21756 | D:14     | Found a runed translucent gate.
 21762 | D:14     | Reached skill level 6 in Dodging
 21784 | D:14     | 21784 ||| Stepping ~*~*~tactically~*~*~ (hiding).
 21787 | D:14     | 21787 ||| Stepping ~*~*~tactically~*~*~ (hiding).
 21844 | D:14     | Reached skill level 6 in Throwing
 21933 | D:14     | Found a gate to the Vaults.
 21975 | D:14     | Found a runed translucent gate.
 21987 | D:14     | 21987 ||| Stepping ~*~*~tactically~*~*~ (hiding).
 21988 | D:14     | 21988 ||| Stepping ~*~*~tactically~*~*~ (hiding).
 22037 | D:14     | Noticed Axipewex's ghost (journeyman OgTm)
 22047 | D:14     | 22047 ||| Stepping ~*~*~tactically~*~*~ (stealth).
 22062 | D:14     | Received a gift from Okawaru
 22077 | D:14     | Reached skill level 9 in Shields
 22224 | D:14     | 22224 ||| INVOKING Heroism.
 22232 | D:14     | HP: 26/104 [death knight/+4 halberd (1)]
 22233 | D:14     | 22233 ||| READING 12 scrolls of teleportation.
 22237 | D:14     | HP: 24/104 [death knight/+4 halberd (4)]
 22238 | D:14     | 22238 ||| DRINKING 3 potions of heal wounds.
 22538 | D:14     | 22538 ||| Stepping ~*~*~tactically~*~*~ (stealth).
 22540 | D:14     | 22540 ||| Stepping ~*~*~tactically~*~*~ (hiding).
 22741 | D:14     | 22741 ||| UPGRADING to +0 tower shield.
 22751 | D:14     | 22751 ||| DROPPING +0 buckler.
 22773 | D:15     | Entered Level 15 of the Dungeon
 22788 | D:15     | 22788 ||| Stepping ~*~*~tactically~*~*~ (stealth).
 22797 | D:15     | 22797 ||| INVOKING Heroism.
 22822 | D:15     | 22822 ||| Stepping ~*~*~tactically~*~*~ (stealth).
 22824 | D:15     | 22824 ||| Stepping ~*~*~tactically~*~*~ (stealth).
 22825 | D:15     | 22825 ||| INVOKING Finesse.
 22981 | D:15     | 22981 ||| INVOKING Heroism.
 22986 | D:15     | Received a gift from Okawaru
 22994 | D:15     | Reached skill level 10 in Shields
 23077 | D:15     | Noticed Josephine
 23114 | D:15     | Killed Josephine
 23129 | D:15     | Identified the +7 chain mail "Kiaser" {+Inv rCorr Str-3}
                  | (Okawaru gifted it to you on level 15 of the Dungeon)
 23129 | D:15     | Received a gift from Okawaru
 23203 | D:15     | Found a staircase to the Depths.
 23212 | D:15     | 23212 ||| Stepping ~*~*~tactically~*~*~ (stealth).
 23214 | D:15     | 23214 ||| INVOKING Heroism.
 23289 | D:15     | 23289 ||| Stepping ~*~*~tactically~*~*~ (hiding).
 23342 | D:15     | Reached skill level 11 in Shields
 23412 | D:15     | Found a hide-covered altar of Uskayaw.
 23414 | D:15     | 23414 ||| Stepping ~*~*~tactically~*~*~ (hiding).
 23703 | D:15     | 23703 ||| PLANNING ORC
 23703 | D:15     | 23703 ||| DROPPING +0 acid dragon scales.
 23704 | D:15     | 23704 ||| UPGRADING to +7 chain mail "Kiaser" {+Inv rCorr
                  | Str-3}.
 23714 | D:15     | 23714 ||| DROPPING +1 plate armour.
 23715 | D:15     | 23715 ||| UPGRADING to +4 ring of protection.
 23717 | D:15     | 23717 ||| DROPPING ring of positive energy.
 23718 | D:15     | 23718 ||| DROPPING ring of willpower.
 23719 | D:15     | 23719 ||| UPGRADING to ring of protection from fire.
 23902 | Orc:1    | Entered Level 1 of the Orcish Mines
 24084 | Orc:2    | Entered Level 2 of the Orcish Mines
 24123 | Orc:2    | 24123 ||| Stepping ~*~*~tactically~*~*~ (stealth).
 24298 | Orc:2    | 24298 ||| Stepping ~*~*~tactically~*~*~ (hiding).
 24300 | Orc:2    | 24300 ||| Stepping ~*~*~tactically~*~*~ (hiding).
 24422 | Orc:2    | Found a runed translucent gate.
 24422 | Orc:2    | Found a runed translucent gate.
 24424 | Orc:2    | Found a runed translucent gate.
 24425 | Orc:2    | Noticed qw's ghost (adept GrFi)
 24447 | Orc:2    | 24447 ||| Stepping ~*~*~tactically~*~*~ (stealth).
 24465 | Orc:2    | 24465 ||| Stepping ~*~*~tactically~*~*~ (stealth).
 24476 | Orc:2    | 24476 ||| INVOKING Heroism.
 24491 | Orc:2    | Found Laereh's Antique Weapon Shoppe.
 24511 | Orc:2    | 24511 ||| Stepping ~*~*~tactically~*~*~ (stealth).
 24514 | Orc:2    | 24514 ||| Stepping ~*~*~tactically~*~*~ (stealth).
 24519 | Orc:2    | 24519 ||| Stepping ~*~*~tactically~*~*~ (stealth).
 24621 | Orc:2    | 24621 ||| INVOKING Heroism.
 24651 | Orc:2    | 24651 ||| Stepping ~*~*~tactically~*~*~ (stealth).
 24655 | Orc:2    | 24655 ||| Stepping ~*~*~tactically~*~*~ (hiding).
 24657 | Orc:2    | 24657 ||| Stepping ~*~*~tactically~*~*~ (hiding).
 24660 | Orc:2    | 24660 ||| Stepping ~*~*~tactically~*~*~ (stealth).
 24668 | Orc:2    | 24668 ||| Stepping ~*~*~tactically~*~*~ (stealth).
 24697 | Orc:2    | 24697 ||| FLEEEEING.
 24698 | Orc:2    | 24698 ||| FLEEEEING.
 24699 | Orc:2    | 24699 ||| FLEEEEING.
 24700 | Orc:2    | 24700 ||| FLEEEEING.
 24701 | Orc:2    | 24701 ||| FLEEEEING.
 24702 | Orc:2    | 24702 ||| FLEEEEING.
 24703 | Orc:2    | 24703 ||| FLEEEEING.
 24704 | Orc:2    | 24704 ||| FLEEEEING.
 24705 | Orc:2    | 24705 ||| FLEEEEING.
 24706 | Orc:2    | 24706 ||| Stepping ~*~*~tactically~*~*~ (hiding).
 24707 | Orc:2    | 24707 ||| FLEEEEING.
 24708 | Orc:2    | 24708 ||| Stepping ~*~*~tactically~*~*~ (hiding).
 24844 | Orc:2    | 24844 ||| Stepping ~*~*~tactically~*~*~ (stealth).
 24845 | Orc:2    | 24845 ||| Stepping ~*~*~tactically~*~*~ (stealth).
 24847 | Orc:2    | 24847 ||| Stepping ~*~*~tactically~*~*~ (stealth).
 24851 | Orc:2    | 24851 ||| Stepping ~*~*~tactically~*~*~ (stealth).
 24852 | Orc:2    | 24852 ||| Stepping ~*~*~tactically~*~*~ (stealth).
 24856 | Orc:1    | Found Gyelat's Gadget Gallery.
 24857 | Orc:1    | 24857 ||| INVOKING Heroism.
 24858 | Orc:1    | 24858 ||| INVOKING Finesse.
 24905 | Orc:1    | Reached skill level 12 in Shields
 25195 | Orc:2    | 25195 ||| INVOKING Heroism.
 25241 | Orc:2    | 25241 ||| INVOKING Heroism.
 25243 | Orc:2    | Found Lymn's Antique Armour Shoppe.
 25329 | Orc:2    | Found Aren's Antique Weapon Emporium.
 25348 | Orc:2    | 25348 ||| BUYING ice dragon scales (1560 gold).
 25348 | Orc:2    | Bought ice dragon scales for 1560 gold pieces
 25348 | Orc:2    | 25348 ||| SHOPLISTING shiny plate armour (676 gold, have
                  | 300).
 25348 | Orc:2    | 25348 ||| SHOPLISTING spiked ice dragon scales (1690 gold,
                  | have 300).
 25411 | Orc:2    | 25411 ||| Stepping ~*~*~tactically~*~*~ (hiding).
 25412 | Orc:2    | 25412 ||| Stepping ~*~*~tactically~*~*~ (hiding).
 25522 | Orc:2    | 25522 ||| Stepping ~*~*~tactically~*~*~ (hiding).
 25535 | Orc:2    | Found a staircase to the Elven Halls.
 25547 | Orc:2    | 25547 ||| Stepping ~*~*~tactically~*~*~ (stealth).
 25549 | Orc:2    | 25549 ||| Stepping ~*~*~tactically~*~*~ (stealth).
 25588 | Orc:2    | 25588 ||| Stepping ~*~*~tactically~*~*~ (hiding).
 25731 | Orc:2    | 25731 ||| INVOKING Heroism.
 25747 | Orc:2    | 25747 ||| Stepping ~*~*~tactically~*~*~ (hiding).
 25983 | Orc:2    | 25983 ||| Stepping ~*~*~tactically~*~*~ (hiding).
 26068 | Orc:2    | 26068 ||| Stepping ~*~*~tactically~*~*~ (stealth).
 26072 | Orc:1    | Noticed Erolcha
 26083 | Orc:1    | Killed Erolcha
 26217 | Orc:2    | 26217 ||| Stepping ~*~*~tactically~*~*~ (hiding).
 26237 | Orc:2    | 26237 ||| INVOKING Heroism.
 26266 | Orc:2    | Found Mayfoemi's Book Shoppe.
 26366 | Orc:2    | 26366 ||| PLANNING SPIDER:1-3
 26548 | Spider:1 | Entered Level 1 of the Spider Nest
 26668 | Spider:1 | 26668 ||| INVOKING Heroism.
 26673 | Spider:1 | Reached skill level 13 in Shields
 26848 | Spider:1 | 26848 ||| Stepping ~*~*~tactically~*~*~ (stealth).
 26895 | Spider:1 | 26895 ||| Stepping ~*~*~tactically~*~*~ (stealth).
 26928 | Spider:1 | 26928 ||| Stepping ~*~*~tactically~*~*~ (hiding).
 26951 | Spider:1 | 26951 ||| Stepping ~*~*~tactically~*~*~ (stealth).
 26963 | Spider:1 | 26963 ||| Stepping ~*~*~tactically~*~*~ (stealth).
 27012 | Spider:1 | Reached XP level 17. HP: 97/109 MP: 25/25
 27034 | Spider:1 | 27034 ||| Stepping ~*~*~tactically~*~*~ (stealth).
 27073 | Spider:1 | 27073 ||| Stepping ~*~*~tactically~*~*~ (hiding).
 27176 | Spider:1 | Noticed Agnes
 27177 | Spider:1 | 27177 ||| INVOKING Heroism.
 27194 | Spider:1 | HP: 15/109 [Agnes/+2 lajatang of distortion (17)]
 27195 | Spider:1 | 27195 ||| READING 11 scrolls of teleportation.
 27196 | Spider:1 | 27196 ||| DRINKING 2 potions of heal wounds.
 27199 | Spider:1 | 27199 ||| DRINKING potion of heal wounds.
 27199 | Spider:1 | HP: 4/109 [Agnes/+2 lajatang of distortion (30)]
 27601 | Spider:1 | Noticed Asterion
 27602 | Spider:1 | 27602 ||| INVOKING Heroism.
 27605 | Spider:1 | Noticed an Executioner
 27622 | Spider:1 | HP: 26/109 [Asterion/fireball (17)]
 27622 | Spider:1 | Killed Asterion
 27842 | Spider:1 | 27842 ||| DROPPING +0 morningstar.
 28019 | Spider:1 | 28019 ||| Stepping ~*~*~tactically~*~*~ (stealth).
 28023 | Spider:1 | 28023 ||| INVOKING Heroism.
 28036 | Spider:1 | Reached skill level 14 in Shields
 28486 | Spider:2 | 28486 ||| INVOKING Heroism.
 28607 | Spider:2 | 28607 ||| INVOKING Heroism.
 28640 | Spider:2 | HP: 23/109 [demonic crawler (11)]
 28641 | Spider:2 | 28641 ||| READING 10 scrolls of teleportation.
 29129 | Spider:2 | 29129 ||| Stepping ~*~*~tactically~*~*~ (stealth).
 29130 | Spider:2 | 29130 ||| Stepping ~*~*~tactically~*~*~ (stealth).
 29188 | Spider:2 | Reached skill level 15 in Shields
 29393 | Spider:2 | 29393 ||| Stepping ~*~*~tactically~*~*~ (stealth).
 29445 | Spider:2 | 29445 ||| DRINKING 11 potions of curing.
 29445 | Spider:2 | 29445 ||| (to cure confusion)
 29453 | Spider:2 | 29453 ||| INVOKING Heroism.
 29992 | Spider:2 | 29992 ||| UPGRADING to +2 cloak of stealth.
 30002 | Spider:2 | 30002 ||| DROPPING +1 cloak.
 30003 | Spider:2 | 30003 ||| UPGRADING to +1 pair of boots.
 30062 | Spider:3 | 30062 ||| INVOKING Heroism.
 30241 | Spider:3 | 30241 ||| INVOKING Heroism.
 30404 | Spider:3 | 30404 ||| INVOKING Heroism.
 30438 | Spider:3 | Reached skill level 16 in Shields
 30456 | Spider:3 | HP: 14/109 [tyrant leech (16)]
 30457 | Spider:3 | 30457 ||| READING 10 scrolls of teleportation.
 30772 | Spider:3 | 30772 ||| Stepping ~*~*~tactically~*~*~ (stealth).
 30783 | Spider:3 | 30783 ||| INVOKING Heroism.
 30837 | Spider:3 | 30837 ||| INVOKING Heroism.
 31000 | Spider:3 | 31000 ||| Stepping ~*~*~tactically~*~*~ (stealth).
 31081 | Spider:3 | 31081 ||| INVOKING Heroism.
 31098 | Spider:3 | Received a gift from Okawaru
 31281 | Spider:3 | Identified the ring of Cutoxafa {Fly Str+3 Dex-4 Slay+4}
 31438 | Spider:3 | 31438 ||| PLANNING SWAMP:1-3
 31438 | Spider:3 | 31438 ||| UPGRADING to +6 ring of strength.
 31440 | Spider:3 | 31440 ||| UPGRADING to ring of Cutoxafa {Fly Str+3 Dex-4
                  | Slay+4}.
 31442 | Spider:3 | 31442 ||| DROPPING +6 ring of dexterity.
 31443 | Spider:3 | 31443 ||| UPGRADING to +4 ring of protection.
 31445 | Spider:3 | 31445 ||| DROPPING +6 ring of strength.
 31574 | Swamp:1  | Entered Level 1 of the Swamp
 31646 | Swamp:1  | 31646 ||| INVOKING Heroism.
 31664 | Swamp:1  | Noticed Aizul
 31681 | Swamp:1  | Killed Aizul
 31718 | Swamp:1  | 31718 ||| Stepping ~*~*~tactically~*~*~ (hiding).
 31725 | Swamp:1  | 31725 ||| Stepping ~*~*~tactically~*~*~ (stealth).
 31735 | Swamp:1  | 31735 ||| Stepping ~*~*~tactically~*~*~ (stealth).
 31737 | Swamp:1  | 31737 ||| INVOKING Heroism.
 31774 | Swamp:1  | Identified the +0 leather armour of the Kangaroo {Str+3}
 31784 | Swamp:1  | 31784 ||| Stepping ~*~*~tactically~*~*~ (hiding).
 31785 | Swamp:1  | 31785 ||| Stepping ~*~*~tactically~*~*~ (hiding).
 31786 | Swamp:1  | 31786 ||| Stepping ~*~*~tactically~*~*~ (hiding).
 31788 | Swamp:1  | 31788 ||| Stepping ~*~*~tactically~*~*~ (hiding).
 31789 | Swamp:1  | 31789 ||| Stepping ~*~*~tactically~*~*~ (hiding).
 31981 | Swamp:1  | 31981 ||| READING scroll labelled TUCUIDEXUB.
 32044 | Swamp:1  | 32044 ||| INVOKING Heroism.
 32047 | Swamp:1  | 32047 ||| SWAPPING to +2 spectral demon whip.
 32051 | Swamp:1  | 32051 ||| SWAPPING to +2 war axe of Causality {protect, rC+
                  | rCorr MP+9 Dex+4}.
 32114 | Swamp:1  | 32114 ||| INVOKING Heroism.
 32118 | Swamp:1  | Reached skill level 17 in Shields
 32293 | Swamp:1  | 32293 ||| INVOKING Heroism.
 32403 | Swamp:1  | 32403 ||| Stepping ~*~*~tactically~*~*~ (stealth).
 32445 | Swamp:1  | 32445 ||| Stepping ~*~*~tactically~*~*~ (stealth).
 32507 | Swamp:2  | 32507 ||| INVOKING Heroism.
 32565 | Swamp:2  | 32565 ||| INVOKING Heroism.
 32573 | Swamp:2  | 32573 ||| SWAPPING to +2 spectral demon whip.
 32579 | Swamp:2  | 32579 ||| SWAPPING to +2 war axe of Causality {protect, rC+
                  | rCorr MP+9 Dex+4}.
 32651 | Swamp:2  | 32651 ||| INVOKING Heroism.
 32661 | Swamp:2  | Received a gift from Okawaru
 32692 | Swamp:2  | 32692 ||| INVOKING Heroism.
 32697 | Swamp:2  | 32697 ||| SWAPPING to +2 spectral demon whip.
 32699 | Swamp:2  | 32699 ||| SWAPPING to +2 war axe of Causality {protect, rC+
                  | rCorr MP+9 Dex+4}.
 32729 | Swamp:2  | 32729 ||| Stepping ~*~*~tactically~*~*~ (stealth).
 32733 | Swamp:2  | 32733 ||| Stepping ~*~*~tactically~*~*~ (stealth).
 32740 | Swamp:2  | 32740 ||| Stepping ~*~*~tactically~*~*~ (stealth).
 32741 | Swamp:2  | 32741 ||| Stepping ~*~*~tactically~*~*~ (stealth).
 32742 | Swamp:2  | 32742 ||| Stepping ~*~*~tactically~*~*~ (stealth).
 32743 | Swamp:2  | 32743 ||| Stepping ~*~*~tactically~*~*~ (stealth).
 32750 | Swamp:2  | 32750 ||| Stepping ~*~*~tactically~*~*~ (hiding).
 32751 | Swamp:2  | 32751 ||| Stepping ~*~*~tactically~*~*~ (hiding).
 32753 | Swamp:2  | 32753 ||| Stepping ~*~*~tactically~*~*~ (hiding).
 32769 | Swamp:2  | 32769 ||| Stepping ~*~*~tactically~*~*~ (stealth).
 32770 | Swamp:2  | 32770 ||| Stepping ~*~*~tactically~*~*~ (stealth).
 32828 | Swamp:2  | 32828 ||| INVOKING Heroism.
 32832 | Swamp:2  | 32832 ||| SWAPPING to +2 spectral demon whip.
 32840 | Swamp:2  | 32840 ||| SWAPPING to +2 war axe of Causality {protect, rC+
                  | rCorr MP+9 Dex+4}.
 32921 | Swamp:2  | Found a transporter.
 32921 | Swamp:2  | Noticed qw's ghost (adept GrFi)
 33001 | Swamp:2  | Found a transporter.
 33164 | Swamp:2  | 33164 ||| INVOKING Heroism.
 33407 | Swamp:2  | 33407 ||| READING 17 scrolls of identify.
 33407 | Swamp:2  | 33407 ||| IDENTIFYING purple potion
 33428 | Swamp:3  | 33428 ||| INVOKING Heroism.
 33467 | Swamp:3  | 33467 ||| INVOKING Heroism.
 33468 | Swamp:3  | 33468 ||| SWAPPING to +2 spectral demon whip.
 33475 | Swamp:3  | 33475 ||| SWAPPING to +2 war axe of Causality {protect, rC+
                  | rCorr MP+9 Dex+4}.
 33524 | Swamp:3  | 33524 ||| Stepping ~*~*~tactically~*~*~ (hiding).
 33572 | Swamp:3  | 33572 ||| INVOKING Heroism.
 33757 | Swamp:3  | 33757 ||| Stepping ~*~*~tactically~*~*~ (hiding).
 33759 | Swamp:3  | 33759 ||| Stepping ~*~*~tactically~*~*~ (hiding).
 33760 | Swamp:3  | 33760 ||| Stepping ~*~*~tactically~*~*~ (hiding).
 33778 | Swamp:3  | Reached XP level 18. HP: 97/116 MP: 26/26
 33826 | Swamp:3  | 33826 ||| DROPPING +2 spectral demon whip.
 33836 | Swamp:3  | 33836 ||| Stepping ~*~*~tactically~*~*~ (hiding).
 33851 | Swamp:3  | Reached skill level 18 in Shields
 33866 | Swamp:3  | 33866 ||| Stepping ~*~*~tactically~*~*~ (cloud).
 33867 | Swamp:3  | 33867 ||| FLEEEEING.
 33868 | Swamp:3  | 33868 ||| FLEEEEING.
 33869 | Swamp:3  | 33869 ||| FLEEEEING.
 33870 | Swamp:3  | 33870 ||| FLEEEEING.
 33871 | Swamp:3  | 33871 ||| FLEEEEING.
 33874 | Swamp:3  | 33874 ||| FLEEEEING.
 33875 | Swamp:3  | 33875 ||| FLEEEEING.
 33876 | Swamp:3  | 33876 ||| FLEEEEING.
 33877 | Swamp:3  | 33877 ||| FLEEEEING.
 33878 | Swamp:3  | 33878 ||| FLEEEEING.
 33879 | Swamp:3  | 33879 ||| FLEEEEING.
 33880 | Swamp:3  | 33880 ||| FLEEEEING.
 33881 | Swamp:3  | 33881 ||| FLEEEEING.
 33882 | Swamp:3  | 33882 ||| FLEEEEING.
 33883 | Swamp:3  | 33883 ||| FLEEEEING.
 33884 | Swamp:3  | 33884 ||| STAIRDANCE
 33981 | Swamp:3  | 33981 ||| STAIRDANCE
 33983 | Swamp:2  | 33983 ||| INVOKING Heroism.
 34413 | Swamp:3  | 34413 ||| PLANNING SPIDER:4
 34576 | Spider:4 | Entered Level 4 of the Spider Nest
 34590 | Spider:4 | 34590 ||| STAIRDANCE
 34653 | Spider:4 | 34653 ||| Stepping ~*~*~tactically~*~*~ (hiding).
 34670 | Spider:4 | 34670 ||| INVOKING Heroism.
 35002 | Spider:4 | 35002 ||| Stepping ~*~*~tactically~*~*~ (hiding).
 35048 | Spider:4 | Identified the +7 morningstar of Kismet {speed, rElec
                  | rPois}
 35117 | Spider:4 | 35117 ||| Stepping ~*~*~tactically~*~*~ (stealth).
 35171 | Spider:4 | 35171 ||| Stepping ~*~*~tactically~*~*~ (stealth).
 35175 | Spider:4 | 35175 ||| Stepping ~*~*~tactically~*~*~ (hiding).
 35322 | Spider:4 | 35322 ||| Stepping ~*~*~tactically~*~*~ (stealth).
 35333 | Spider:4 | Reached skill level 15 in Fighting
 35335 | Spider:4 | 35335 ||| INVOKING Heroism.
 35345 | Spider:4 | Received a gift from Okawaru
 35379 | Spider:4 | 35379 ||| Stepping ~*~*~tactically~*~*~ (stealth).
 35391 | Spider:4 | Identified the +2 pair of boots of Liytoud {+Blink rPois
                  | Will- rCorr}
 35455 | Spider:4 | 35455 ||| INVOKING Heroism.
 35641 | Spider:4 | 35641 ||| INVOKING Heroism.
 35689 | Spider:4 | HP: 18/104 [jorogumo/bolt of negative energy (20)]
 35690 | Spider:4 | 35690 ||| READING 13 scrolls of teleportation.
 35691 | Spider:4 | 35691 ||| DRINKING 2 potions of heal wounds.
 35702 | Spider:4 | HP: 25/105 [emperor scorpion (9)]
 35703 | Spider:4 | 35703 ||| READING 12 scrolls of teleportation.
 35704 | Spider:4 | 35704 ||| DRINKING potion of heal wounds.
 35869 | Spider:4 | 35869 ||| FLEEEEING.
 35873 | Spider:4 | 35873 ||| Stepping ~*~*~tactically~*~*~ (stealth).
 35881 | Spider:4 | 35881 ||| Stepping ~*~*~tactically~*~*~ (stealth).
 35891 | Spider:4 | 35891 ||| FLEEEEING.
 35892 | Spider:4 | 35892 ||| FLEEEEING.
 35896 | Spider:4 | 35896 ||| STAIRDANCE
 35900 | Spider:4 | 35900 ||| STAIRDANCE
 36040 | Spider:4 | 36040 ||| Stepping ~*~*~tactically~*~*~ (stealth).
 36065 | Spider:4 | 36065 ||| Stepping ~*~*~tactically~*~*~ (hiding).
 36077 | Spider:4 | 36077 ||| INVOKING Heroism.
 36112 | Spider:4 | 36112 ||| INVOKING Heroism.
 36136 | Spider:4 | 36136 ||| PLANNING SPIDER:4
 36271 | Spider:4 | 36271 ||| INVOKING Heroism.
 36302 | Spider:4 | Received a gift from Okawaru
 36304 | Spider:4 | 36304 ||| INVOKING Heroism.
 36373 | Spider:4 | 36373 ||| Stepping ~*~*~tactically~*~*~ (stealth).
 36380 | Spider:4 | 36380 ||| Stepping ~*~*~tactically~*~*~ (stealth).
 36381 | Spider:4 | 36381 ||| Stepping ~*~*~tactically~*~*~ (stealth).
 36547 | Spider:4 | 36547 ||| INVOKING Heroism.
 36562 | Spider:4 | Got a gossamer rune of Zot
 36579 | Spider:4 | Identified the scarf of Gicvy {repulsion, rN+}
 36624 | Spider:4 | 36624 ||| Stepping ~*~*~tactically~*~*~ (hiding).
 36626 | Spider:4 | 36626 ||| INVOKING Heroism.
 36674 | Spider:4 | 36674 ||| READING scroll of enchant armour.
 36674 | Spider:4 | 36674 ||| ENCHANTING +1 pair of boots.
 36740 | Spider:4 | Found a runed translucent gate.
 36742 | Spider:4 | Found a runed translucent gate.
 36745 | Spider:4 | Found a runed translucent gate.
 36747 | Spider:4 | Noticed qw's ghost (adept GrFi)
 36747 | Spider:4 | Noticed Tacit's ghost (journeyman GrMo)
 36750 | Spider:4 | 36750 ||| PLANNING VAULTS:1-4
 36750 | Spider:4 | 36750 ||| DROPPING scarf of invisibility.
 36751 | Spider:4 | 36751 ||| DROPPING scarf of shadows.
 36752 | Spider:4 | 36752 ||| UPGRADING to scarf of Gicvy {repulsion, rN+}.
 37049 | Vaults:1 | Entered Level 1 of the Vaults
 37084 | Vaults:1 | 37084 ||| INVOKING Heroism.
 37099 | Vaults:1 | 37099 ||| DRINKING 4 potions of cancellation.
 37101 | Vaults:1 | Received a gift from Okawaru
 37133 | Vaults:1 | HP: 6/119 [lindwurm/blast of flame (25)]
 37134 | Vaults:1 | 37134 ||| READING 11 scrolls of teleportation.
 37135 | Vaults:1 | 37135 ||| DRINKING potion of heal wounds.
 37139 | Vaults:1 | Found Etun's Armour Shoppe.
 37141 | Vaults:1 | 37141 ||| INVOKING Heroism.
 37146 | Vaults:1 | HP: 5/119 [lindwurm/blast of flame (30)]
 37147 | Vaults:1 | 37147 ||| READING 10 scrolls of teleportation.
 37152 | Vaults:1 | 37152 ||| Stepping ~*~*~tactically~*~*~ (stealth).
 37153 | Vaults:1 | 37153 ||| READING 9 scrolls of teleportation.
 37473 | Vaults:1 | 37473 ||| INVOKING Heroism.
 37537 | Vaults:1 | 37537 ||| Stepping ~*~*~tactically~*~*~ (stealth).
 37969 | Vaults:1 | Identified the +2 falchion "Goblin's Regret" {heavy, Will+}
 37985 | Vaults:1 | 37985 ||| SHOPLISTING +2 gold dragon scales (1288 gold,
                  | have 1059).
 38064 | Vaults:1 | 38064 ||| Stepping ~*~*~tactically~*~*~ (hiding).
 38065 | Vaults:1 | 38065 ||| Stepping ~*~*~tactically~*~*~ (hiding).
 38067 | Vaults:1 | 38067 ||| INVOKING Heroism.
 38204 | Vaults:1 | Received a gift from Okawaru
 38282 | Vaults:1 | 38282 ||| INVOKING Heroism.
 38287 | Vaults:1 | 38287 ||| Stepping ~*~*~tactically~*~*~ (hiding).
 38314 | Vaults:1 | Reached XP level 19. HP: 67/125 MP: 27/27
 38336 | Vaults:1 | Received a gift from Okawaru
 38340 | Vaults:1 | HP: 31/125 [vault guard/+0 bardiche[a vault warden] (9)]
 38341 | Vaults:1 | 38341 ||| READING 9 scrolls of teleportation.
 38342 | Vaults:1 | 38342 ||| INVOKING Heroism.
 38342 | Vaults:1 | HP: 11/125 [vault guard/+0 bardiche[a vault warden] (11)]
 38377 | Vaults:1 | 38377 ||| READING 8 scrolls of teleportation.
 38380 | Vaults:1 | 38380 ||| Stepping ~*~*~tactically~*~*~ (hiding).
 38464 | Vaults:1 | 38464 ||| INVOKING Heroism.
 38490 | Vaults:1 | 38490 ||| INVOKING Heroism.
 38800 | Vaults:1 | 38800 ||| Stepping ~*~*~tactically~*~*~ (stealth).
 38822 | Vaults:1 | Paralysed by a great orb of eyes for 3 turns
 38843 | Vaults:1 | Reached skill level 9 in Throwing
 39194 | Vaults:1 | 39194 ||| Stepping ~*~*~tactically~*~*~ (stealth).
 39196 | Vaults:1 | 39196 ||| Stepping ~*~*~tactically~*~*~ (stealth).
 39198 | Vaults:1 | 39198 ||| Stepping ~*~*~tactically~*~*~ (hiding).
 39200 | Vaults:1 | 39200 ||| Stepping ~*~*~tactically~*~*~ (hiding).
 39201 | Vaults:1 | 39201 ||| INVOKING Heroism.
 39223 | Vaults:1 | Reached skill level 19 in Shields
 39574 | Vaults:1 | 39574 ||| FLEEEEING.
 39575 | Vaults:1 | 39575 ||| FLEEEEING.
 39576 | Vaults:1 | 39576 ||| FLEEEEING.
 39676 | Vaults:1 | Identified the +7 mace of Premature Burial {flame, rPois
                  | rC- Int-4 Dex+8}
 39680 | Vaults:1 | 39680 ||| UPGRADING to +3 chain mail of fire resistance.
 39690 | Vaults:1 | 39690 ||| UPGRADING to +0 crystal plate armour.
 39700 | Vaults:1 | 39700 ||| DROPPING +3 chain mail of fire resistance.
 39753 | Vaults:2 | 39753 ||| INVOKING Heroism.
 39774 | Vaults:2 | HP: 23/125 [deep troll[an ironbound preserver] (13)]
 39775 | Vaults:2 | 39775 ||| READING 7 scrolls of teleportation.
 39793 | Vaults:2 | 39793 ||| PLANNING VAULTS:1-4
 39806 | Vaults:2 | HP: 25/125 [deep troll[an ironbound preserver] (10)]
 39807 | Vaults:2 | 39807 ||| READING 6 scrolls of teleportation.
 39808 | Vaults:2 | 39808 ||| INVOKING Heroism.
 39842 | Vaults:2 | HP: 31/125 [deep troll[an ironbound preserver] (3)]
 39843 | Vaults:2 | 39843 ||| READING 5 scrolls of teleportation.
 39848 | Vaults:2 | HP: 18/125 [deep troll[an ironbound preserver] (11)]
 39873 | Vaults:2 | 39873 ||| READING 4 scrolls of teleportation.
 39887 | Vaults:2 | 39887 ||| FLEEEEING.
 39888 | Vaults:2 | 39888 ||| FLEEEEING.
 39889 | Vaults:2 | 39889 ||| FLEEEEING.
 39890 | Vaults:2 | 39890 ||| FLEEEEING.
 39891 | Vaults:2 | 39891 ||| FLEEEEING.
 39892 | Vaults:2 | 39892 ||| FLEEEEING.
 39893 | Vaults:2 | 39893 ||| INVOKING Heroism.
 39895 | Vaults:2 | HP: 31/125 [slime creature (6)]
 39896 | Vaults:2 | 39896 ||| READING 3 scrolls of teleportation.
 39896 | Vaults:2 | HP: 15/125 [deep troll[an ironbound preserver] (9)]
 39904 | Vaults:2 | 39904 ||| Stepping ~*~*~tactically~*~*~ (hiding).
 39907 | Vaults:2 | 39907 ||| READING 2 scrolls of teleportation.
 39942 | Vaults:2 | 39942 ||| Stepping ~*~*~tactically~*~*~ (hiding).
 39943 | Vaults:2 | 39943 ||| INVOKING Heroism.
 39950 | Vaults:2 | HP: 26/125 [ironbound frostheart/creeping frost (10)]
 39951 | Vaults:2 | 39951 ||| READING scroll of teleportation.
 40345 | Vaults:2 | 40345 ||| Stepping ~*~*~tactically~*~*~ (hiding).
 40347 | Vaults:2 | 40347 ||| INVOKING Heroism.
 40370 | Abyss:3  | Cast into level 3 of the Abyss (a deep elf sorcerer)
 40399 | Abyss:3  | Received a gift from Okawaru
 40481 | Abyss:3  | 40481 ||| INVOKING Heroism.
 40540 | Abyss:3  | 40540 ||| Stepping ~*~*~tactically~*~*~ (stealth).
 40541 | Abyss:3  | 40541 ||| Stepping ~*~*~tactically~*~*~ (stealth).
 40561 | Abyss:3  | 40561 ||| Stepping ~*~*~tactically~*~*~ (stealth).
 40577 | Abyss:3  | Found a corrupted altar of Lugonu.
 40615 | Abyss:3  | 40615 ||| Stepping ~*~*~tactically~*~*~ (stealth).
 40628 | Abyss:3  | 40628 ||| Stepping ~*~*~tactically~*~*~ (hiding).
 40672 | Abyss:3  | 40672 ||| INVOKING Heroism.
 40679 | Abyss:3  | Received a gift from Okawaru
 40707 | Abyss:3  | 40707 ||| Stepping ~*~*~tactically~*~*~ (hiding).
 40754 | Abyss:3  | 40754 ||| Stepping ~*~*~tactically~*~*~ (hiding).
 40775 | Abyss:3  | Reached skill level 15 in Armour
 40806 | Abyss:3  | 40806 ||| Stepping ~*~*~tactically~*~*~ (stealth).
 40807 | Abyss:3  | 40807 ||| Stepping ~*~*~tactically~*~*~ (stealth).
 40833 | Abyss:3  | 40833 ||| Stepping ~*~*~tactically~*~*~ (hiding).
 40843 | Abyss:3  | 40843 ||| Stepping ~*~*~tactically~*~*~ (hiding).
 40845 | Vaults:2 | Escaped the Abyss
 40846 | Vaults:2 | 40846 ||| INVOKING Heroism.
 40876 | Vaults:2 | 40876 ||| INVOKING Heroism.
 40982 | Vaults:2 | 40982 ||| READING scroll of enchant armour.
 40982 | Vaults:2 | 40982 ||| ENCHANTING +0 crystal plate armour.
 41389 | Vaults:2 | Identified the +3 ring mail of Intercession {rPois Int+3}
 41399 | Vaults:2 | Noticed an ancient lich
 41399 | Vaults:2 | 41399 ||| INVOKING Heroism.
 41402 | Vaults:2 | HP: 19/125 [ancient lich/crystal spear (94)]
 41403 | Vaults:2 | 41403 ||| READING scroll of teleportation.
 41404 | Vaults:2 | Killed from afar by an ancient lich

Levels and vault maps discovered:
D:1:      dpeg_arrival_fog, layout_loops_ring,
          shapermc_ecumenical_altar_rom_forum
D:2:      layout_basic, minmay_hedge_maze, uniq_robin, uniq_crazy_yiuf_cottage
D:3:      layout_rooms, mainiacjoe_overflow_paths
D:4:      layout_rooms
D:5:      layout_loops_ring, lemuel_tele_altar, uniq_grinder
D:6:      layout_basic, mainiacjoe_overflow_small_starburst,
          mainiacjoe_overflow_24_doors, lemuel_doored_altar,
          chequers_temple_overflow_minitemple, minmay_temple_entry_tees
D:7:      layout_rooms, nicolae_yredelemnul_corpse_copse,
          minmay_stone_trees_medium, serial_bayou_lake_a
D:8:      layout_loops_ring, lightli_ossuary_entry_decrepit_ruins,
          grunt_decor_resistance, minmay_circle_x
D:9:      layout_roguey, erik_orc_1, hellmonk_ghost_happy_afterlife,
          serial_shops, nicolae_shop_rolled_up, serial_bayou_pond_c
D:10:     minmay_bloctagon_deflated, layout_loops_ring
D:11:     layout_cave_pools, david_lair_shrubbed, serial_column_ruins,
          column_ruins_corridor_dead_end, column_ruins_grid_3,
          column_ruins_grid_4, column_ruins_corridor_straight,
          column_ruins_corridor_straight, kennysheep_cross_room
D:12:     layout_grid_maze, nicolae_trove_entry_path_of_doom,
          grunt_ministairs_11, roderic_roman_lattice
D:13:     layout_grid_maze, chequers_serial_rivers_micro_c, bh_circular_ruins,
          uniq_urug
D:14:     layout_cave_pools, erik_vaults_1, chequers_serial_rivers_micro_b,
          gammafunk_ghost_icy, lightli_fourway_metalbox
D:15:     hangedman_depths_entry_civil_slaughter, layout_basic,
          nicolae_uskayaw_en_pointe, uniq_josephine
Temple:   compressed_dpeg_triangle_lava_temple
Lair:1:   layout_gridlike, grunt_forest_small_clearings, st_stairs_10
Lair:2:   layout_long_grid, swamp_mist, spider_nest_entry_funnel_web
Lair:3:   layout_small_grid, grunt_megastairs_4
Lair:4:   layout_cave_pods, minmay_slime_entry_pillars, grunt_megastairs_3,
          serial_bayou_shore_b
Lair:5:   evilmike_catoblepas_cave, layout_misc_corridors,
          portal_ice_cave_entry_ice_simulacra, serial_bayou_lagoon_b,
          grunt_megastairs_2, uniq_kirke
Swamp:1:  nicolae_swamp_flooded_prison, layout_falls_marsh,
          hangedman_swamp_ruin_wall, uniq_aizul
Swamp:2:  layout_basic_swamp, gammafunk_ghost_mausoleum, serial_swamp_ruin,
          evilmike_swamp_ruin_wall, evilmike_swamp_ruin_house_4,
          evilmike_swamp_ruin_house_3, infiniplex_staircase_pool
Swamp:3:  layout_basic_swamp, nicolae_swamp_fairy_circle
Spider:1: layout_spider_delve, uniq_asterion, uniq_agnes
Spider:2: layout_spider_delve
Spider:3: layout_spider_delve, nicolae_spider_swamp_cousins
Spider:4: grunt_spider_rune_circles, gammafunk_ghost_cemetery,
          nicolae_crawler_farm
Orc:1:    layout_caves, nicolae_shop_gadgets, uniq_erolcha
Orc:2:    grunt_orc_community_town_hall, layout_caves,
          grunt_orc_community_big_house_1, grunt_orc_community_big_house_2,
          grunt_orc_community_house_1, grunt_orc_community_house_3,
          grunt_orc_community_house_3, grunt_orc_community_house_3,
          grunt_orc_community_house_3, gammafunk_ghost_split
Vaults:1: nicolae_vaults_closet_pinwheel_4, nicolae_vaults_little_ls,
          nicolae_vaults_cochlea, nicolae_vaults_storage_closets_3,
          nicolae_vaults_asterisk, hangedman_vaults_capsules,
          nicolae_vaults_doubleplus_tesselated, nicolae_vaults_more_shelving_1,
          nicolae_vaults_double_plus_1, layout_vaults_omnigrid, serial_shops,
          nicolae_shop_tiny_glass
Vaults:2: gammafunk_ghost_crypt, nicolae_vaults_storage_closets_2,
          nicolae_vaults_library_corner, v_misc_14,
          nicolae_vaults_heart-shaped_vault, nicolae_vaults_rhombus_7,
          hangedman_vaults_slice, layout_vaults_chaotic_city

Skill      XL: |  1  2  3  4  5  6  7  8  9 10 11 12 13 14 15 16 17 18 19 |
---------------+----------------------------------------------------------+-----
Axes           | 2 3 4 5 6 7 8 9 11 12 14 16 | 16.0
Fighting       | 4 6 7 8 9 11 12 13 14 16 | 16.1
Armour         | 4 5 7 8 11 12 13 15 | 15.9
Dodging        | 1 2 3 5 6 |  6.0
Throwing       | 1 5 6 8 9 |  9.0
Invocations    | 1 4 5 9 11 | 11.4
Shields        | 4 5 7 8 13 17 18 19 | 19.0

Action                     |  1- 3 |  4- 6 |  7- 9 | 10-12 | 13-15 | 16-18 | 19-21 || total
---------------------------+-------+-------+-------+-------+-------+-------+-------++-------
  Melee: War axe           |   116 |   169 |    64 |       |   309 |  2445 |   464 ||  3567
         Hand axe          |       |       |   466 |   144 |       |       |       ||   610
         Broad axe         |       |       |       |   373 |   578 |       |       ||   951
         Morningstar       |       |       |       |       |     6 |     7 |       ||    13
         Demon whip        |       |       |       |       |       |    22 |       ||    22
  Throw: Boomerang         |       |    44 |    57 |    67 |   102 |    38 |    12 ||   320
         Javelin           |       |       |       |       |    52 |   165 |    20 ||   237
 Invoke: Heroism           |       |       |    10 |    20 |    19 |    57 |    14 ||   120
         Finesse           |       |       |       |       |     4 |     3 |       ||     7
    Use: Scroll            |     4 |     6 |    13 |     8 |     1 |    12 |    11 ||    55
         Potion            |       |     2 |     2 |     2 |     2 |     8 |       ||    16
   Stab: Petrifying        |       |       |       |       |     3 |       |       ||     3
         Petrified         |       |       |       |       |     2 |       |       ||     2
 Armour: Scale mail        |    54 |    29 |       |       |       |       |       ||    83
         Plate armour      |       |    95 |   292 |   408 |   660 |   272 |       ||  1727
         Chain mail        |       |       |       |       |       |  1531 |    48 ||  1579
         Crystal plate arm |       |       |       |       |       |       |   131 ||   131
  Dodge: Dodged            |    58 |    59 |   133 |   205 |   381 |   877 |    60 ||  1773
         Repelled          |       |       |       |       |       |     2 |     4 ||     6
  Block: Buckler           |    23 |    28 |    85 |   113 |   244 |    79 |       ||   572
         Tower shield      |       |       |       |       |       |  2332 |   302 ||  2634

Table legend:
 A = Non-vault XP
 B = Vault XP
 C = Vault XP percentage of total XP
 D = Non-vault monster count
 E = Vault monster count
 F = Vault count percentage of total count
                 A         B        C        D         E       F
            +---------+---------+-------+---------+---------+-------
      Total |  240740 |   99019 |  29.1 |     891 |     326 |  26.8
            +---------+---------+-------+---------+---------+-------
        D:1 |      26 |       0 |   0.0 |      14 |       0 |   0.0
        D:2 |      75 |      40 |  34.8 |      23 |      13 |  36.1
        D:3 |     180 |       0 |   0.0 |      23 |       0 |   0.0
        D:4 |     637 |       0 |   0.0 |      33 |       0 |   0.0
        D:5 |     143 |     304 |  68.0 |       7 |       1 |  12.5
        D:6 |     979 |       0 |   0.0 |      33 |       0 |   0.0
        D:7 |    2360 |     606 |  20.4 |      30 |       8 |  21.1
        D:8 |    1159 |    1045 |  47.4 |      14 |       7 |  33.3
        D:9 |    3035 |     563 |  15.6 |      29 |      17 |  37.0
       D:10 |    2167 |    1942 |  47.3 |      35 |       4 |  10.3
       D:11 |    3756 |    1784 |  32.2 |      32 |       7 |  17.9
       D:12 |    6698 |     864 |  11.4 |      25 |       4 |  13.8
       D:13 |   10149 |     830 |   7.6 |      23 |       2 |   8.0
       D:14 |    8896 |    4370 |  32.9 |      24 |       6 |  20.0
       D:15 |    7546 |    5956 |  44.1 |      18 |      12 |  40.0
     Lair:1 |    3793 |       0 |   0.0 |      17 |       0 |   0.0
     Lair:2 |    5602 |     806 |  12.6 |      25 |       4 |  13.8
     Lair:3 |    3497 |       0 |   0.0 |      16 |       0 |   0.0
     Lair:4 |    8353 |    2958 |  26.2 |      31 |      15 |  32.6
     Lair:5 |   18497 |   14550 |  44.0 |      51 |      39 |  43.3
    Swamp:1 |    5565 |    2574 |  31.6 |      15 |       4 |  21.1
    Swamp:2 |   12333 |       0 |   0.0 |      25 |       0 |   0.0
    Swamp:3 |   13332 |       0 |   0.0 |      26 |       0 |   0.0
   Spider:1 |   14413 |    1386 |   8.8 |      45 |       1 |   2.2
   Spider:2 |   11509 |       0 |   0.0 |      28 |       0 |   0.0
   Spider:3 |   12114 |    2991 |  19.8 |      30 |      13 |  30.2
   Spider:4 |   11795 |   21104 |  64.1 |      32 |      42 |  56.8
      Orc:1 |    4258 |     865 |  16.9 |      46 |       1 |   2.1
      Orc:2 |    2498 |    6204 |  71.3 |      30 |      69 |  69.7
   Vaults:1 |   36433 |   13372 |  26.8 |      51 |      20 |  28.2
   Vaults:2 |   14920 |   13824 |  48.1 |      27 |      16 |  37.2
    Abyss:3 |   14022 |       0 |   0.0 |      33 |       0 |   0.0
    Ossuary |       0 |      81 | 100.0 |       0 |      21 | 100.0
            +---------+---------+-------+---------+---------+-------
